 Dungeon Crawl Stone Soup version 0.18-a0-1797-gc18daef (webtiles) character file.

5917 Mefis the Magician (level 11, 0/68 HPs)
             Began as a Human Wizard on Apr 22, 2016.
             Was a Priest of Sif Muna.
             Slain by a yak (15 damage)
             ... on level 9 of the Dungeon.
             The game lasted 02:32:20 (15201 turns).

Mefis the Magician (Human Wizard)                  Turns: 15201, Time: 02:32:21

Health: 0/68       AC:  9    Str: 16    XL:     11   Next: 9%
Magic:  17/19      EV: 14    Int: 21    God:    Sif Muna [***...]
Gold:   415        SH:  0    Dex: 16    Spells: 7 memorised, 6 levels left

rFire  . . .     SeeInvis .     q - +7 dagger of the Shark {pierce, rElec Str+7}
rCold  . . .     Gourm    .     P - +2 robe {MR+}
rNeg   . . .     Faith    .     (no shield)
rPois  .         Spirit   .     b - +0 hat
rElec  +         Dismiss  .     l - +0 cloak
rCorr  .         Reflect  .     r - +0 pair of gloves
SustAt .         Harm     .     B - +2 pair of boots
MR     ++...                    R - amulet of magic regeneration
Stlth  +++.......               i - ring of protection from magic
                                j - +5 ring of dexterity

@: repel missiles, very resistant to hostile enchantments, fairly stealthy
A: no striking features
a: Channel Energy, Renounce Religion


You were on level 9 of the Dungeon.
You worshipped Sif Muna.
Sif Muna was most pleased with you.
You were not hungry.

You visited 3 branches of the dungeon, and saw 11 of its levels.
You also visited: Ice Cave.

You collected 486 gold pieces.
You spent 71 gold pieces at shops.

Inventory:

Hand Weapons
 f - a +0 blowgun
 q - the +7 dagger of the Shark (weapon) {pierce, rElec Str+7}
   (You found it on level 6 of the Dungeon)

   It inflicts extra damage upon your enemies.
   It affects your strength (+7).
   It insulates you from electricity.
 w - a +0 hunting sling
 O - a +0 dagger of electrocution
 T - a +0 hand crossbow
Missiles
 a - 7 poisoned javelins
 e - 38 poisoned needles
 s - 13 sling bullets
 G - 6 tomahawks (quivered)
Armour
 b - a +0 hat (worn)
 l - a +0 cloak (worn)
 r - a +0 pair of gloves (worn)
 B - a +2 pair of boots (worn)
 P - a +2 robe of magic resistance (worn)
Magical Staves
 Q - an uncursed staff of summoning
Jewellery
 i - a ring of protection from magic (right hand)
 j - a +5 ring of dexterity (left hand)
 y - an uncursed ring of flight
 C - an uncursed amulet of rage
 R - an amulet of magic regeneration (around neck)
Wands
 x - a wand of iceblast (5/15)
 D - a wand of confusion (13/48)
 L - a wand of disintegration (10/24)
 Y - a wand of paralysis (16/24)
Scrolls
 h - 2 scrolls of teleportation
 k - a scroll of amnesia
 m - 2 scrolls of fog
 o - 4 scrolls of remove curse
 p - a scroll of enchant armour
 E - 3 scrolls of random uselessness
 F - a scroll of enchant weapon
 H - a scroll of immolation
 I - 2 scrolls of blinking
 J - a scroll of summoning {unknown}
 N - a scroll of fear
 Z - a scroll of identify
Potions
 g - 3 potions of agility
 n - a potion of ambrosia {unknown}
 t - a potion of haste
 v - a potion of brilliance
 K - a potion of flight {unknown}
 M - 2 potions of degeneration
 U - a potion of might {unknown}
 W - a potion of mutation
 X - a potion of lignification
Books
 c - a book of Minor Magic

   Spells                             Type                      Level
   a - Magic Dart                     Conjuration                  1
   b - Blink                          Translocation                2
   c - Call Imp                       Summoning                    2
   d - Repel Missiles                 Charms/Air                   2
   e - Slow                           Hexes                        2
   f - Conjure Flame                  Conjuration/Fire             3
   g - Mephitic Cloud                 Conjuration/Poison/Air       3
Comestibles
 d - a royal jelly
 u - 4 bread rations
 z - 3 meat rations
 A - a beef jerky
 S - 2 fruits
 V - a chunk of flesh


   Skills:
 + Level 0.2 Fighting
 * Level 2.6 Short Blades
 * Level 3.4 Staves
 + Level 2.4(3.8) Slings
 * Level 4.6(4.9) Throwing
 + Level 3.8 Dodging
 * Level 4.8 Stealth
 - Level 0.2 Unarmed Combat
 + Level 5.8 Spellcasting
 + Level 3.0 Conjurations
 * Level 3.8 Hexes
 + Level 4.0 Summonings
 * Level 4.8 Translocations
 * Level 3.9 Fire Magic
 * Level 4.8 Air Magic
 * Level 4.2 Poison Magic
 * Level 3.7 Invocations


You had 6 spell levels left.
You knew the following spells:

 Your Spells              Type           Power        Failure   Level  Hunger
a - Magic Dart            Conj           ###.         2%          1    None
b - Call Imp              Summ           ###.....     3%          2    None
c - Blink                 Tloc           N/A          1%          2    None
d - Repel Missiles        Chrm/Air       ###...       8%          2    None
e - Mephitic Cloud        Conj/Pois/Air  ###.....     10%         3    ##.....
f - Conjure Flame         Conj/Fire      ###.....     10%         3    ##.....
g - Slow                  Hex            ###.....     3%          2    None


Dungeon Overview and Level Annotations

Branches:
Dungeon (9/15)             Temple (1/1) D:5            Lair (1/8) D:8
    Orc: D:9-12

Altars:
Ashenzari
Cheibriados
Dithmenos
Elyvilon
Fedhas
Gozag
Kikubaaqudgha
Makhleb
Nemelex Xobeh
Okawaru
Pakellas
Qazlal
Ru
Sif Muna
Trog
Vehumet
Xom
Yredelemnul
Zin
The Shining One

Shops:
D:9 !

Annotations:
D:8 Lair
Lair:1 ilikecats's ghost, journeyman HECj


Message History

The yak is heavily wounded.
The yak completely misses you.
Your crimson imp closely misses the yak.
You completely miss the yak.
The yak is heavily wounded.
The yak misses you.
Your crimson imp hits the yak. x2
You hit the yak.
The yak is severely wounded.
The yak gores you!
Your crimson imp hits the yak. x2
You hit the yak.
The yak is almost dead.
The yak gores you!
* * * LOW HITPOINT WARNING * * *
Your crimson imp hits the yak but does no damage.
Your crimson imp closely misses the yak.
You hit the yak but do no damage.
The yak is almost dead.
Your crimson imp blinks!
The yak gores you!
You die...

##(?.#
##(.########
#.(........#
#..(..†....#
#..........#
#.(.(......####
#..5............
#.5Y§......#####
#..@......5#
#..........#
#..........#
######.##### #.#
#.# #.# #.#
###.#


You could see a yak and 3 friendly crimson imps.

Vanquished Creatures
  A two-headed ogre (D:8)
  A spriggan (D:7)
  A yak (D:9)
  A hippogriff (D:8)
  A hungry ghost (D:7)
  2 wargs (D:8)
  Duvessa (D:5)
  4 orc warriors
  A sky beast (D:5)
  A black bear (D:7)
  3 ice beasts
  4 ogres
  3 centaurs
  3 crocodiles
  6 big kobolds
  2 giant frogs
  A gnoll sergeant (D:8)
  4 scorpions
  Dowan (D:5)
  A water moccasin skeleton (D:6)
  2 wights (D:6)
  A howler monkey (D:8)
  4 giant frog zombies
  4 crimson imps
  4 hounds
  2 jellies
  A centaur skeleton (D:5)
  4 orc priests
  9 worker ants
  Natasha (twice) (D:4)
  5 orc wizards
  A killer bee zombie (D:7)
  A howler monkey zombie (D:5)
  A worker ant zombie (D:8)
  6 gnolls
  4 adders
  2 shadow imps
  2 white imps (IceCv)
  2 ufetubi (IceCv)
  An adder zombie (D:6)
  2 worms
  4 dart slugs
  5 giant geckos
  23 orcs
  10 bats
  3 giant cockroaches
  6 goblins
  2 hobgoblins
  7 jackals
  17 kobolds
  3 quokkas
  A ball python (D:4)
  2 giant gecko skeletons
  5 giant newts
  A quokka zombie (D:8)
  3 rats
194 creatures vanquished.

Vanquished Creatures (collateral kills)
  A spiny frog (D:8)
  2 yaks (D:9)
  A sky beast (D:7)
  2 eyes of draining (D:4)
  An ice beast (D:5)
  A phantom (D:8)
  A big kobold (D:8)
  2 giant frogs (D:6)
  3 scorpions
  3 wights (D:6)
  A howler monkey (D:3)
  A crimson imp (D:8)
  A giant frog zombie (D:6)
  A hound (D:6)
  Natasha (D:4)
  An iguana (Lair:1)
  4 worker ants
  4 adders
  4 gnolls (D:3)
  An ooze (D:4)
  3 worms
  6 orcs
  2 hobgoblins (D:3)
  A quokka (D:4)
  A giant newt (D:4)
  3 kobolds
  A quokka skeleton (D:4)
  A rat (D:2)
54 creatures vanquished.

Vanquished Creatures (others)
  A white imp (IceCv)
  7 ufetubi (IceCv)
  2 plants (D:8)
10 creatures vanquished.

Grand Total: 258 creatures vanquished

Notes
Turn   | Place    | Note
--------------------------------------------------------------
     0 | D:1      | Mefis the Human Wizard began the quest for the Orb.
     0 | D:1      | Reached XP level 1. HP: 13/13 MP: 4/4
   158 | D:1      | Reached XP level 2. HP: 12/19 MP: 0/6
   220 | D:1      | Learned a level 2 spell: Call Imp
   223 | D:1      | Learned a level 2 spell: Blink
   226 | D:1      | Learned a level 2 spell: Repel Missiles
   723 | D:1      | Reached XP level 3. HP: 24/24 MP: 1/7
  2300 | D:2      | Reached XP level 4. HP: 30/30 MP: 2/9
  2360 | D:2      | Learned a level 3 spell: Mephitic Cloud
  3243 | D:3      | Reached XP level 5. HP: 35/35 MP: 4/10
  3689 | D:4      | Reached skill level 1 in Throwing
  3947 | D:4      | Reached skill level 1 in Air Magic
  3947 | D:4      | Reached XP level 6. HP: 41/41 MP: 4/11
  3976 | D:4      | Reached skill level 1 in Poison Magic
  4074 | D:4      | Reached skill level 4 in Spellcasting
  4346 | D:4      | Noticed an eye of draining
  4349 | D:4      | Noticed an eye of draining
  4349 | D:4      | Noticed Natasha
  4399 | D:3      | Learned a level 3 spell: Conjure Flame
  4554 | D:4      | Killed Natasha
  4741 | D:4      | Noticed Natasha
  4750 | D:4      | Killed Natasha
  4863 | D:4      | Found a bloodstained altar of Trog.
  4912 | D:4      | Killed an eye of draining
  4927 | D:4      | Killed an eye of draining
  4927 | D:4      | Reached XP level 7. HP: 46/46 MP: 1/13
  4963 | D:4      | Noticed Natasha
  4978 | D:4      | Killed Natasha
  5481 | D:5      | Entered Level 5 of the Dungeon
  6062 | D:5      | Found a staircase to the Ecumenical Temple.
  6084 | Temple   | Entered the Ecumenical Temple
  6150 | Temple   | Became a worshipper of Sif Muna the Loreminder
  6178 | D:5      | Noticed Dowan
  6179 | D:5      | Noticed Duvessa
  6188 | D:5      | Killed Dowan
  6212 | D:5      | Killed Duvessa
  6801 | D:5      | Reached XP level 8. HP: 42/52 MP: 1/15
  7140 | D:5      | Found a blossoming altar of Fedhas.
  7205 | D:5      | Learned a level 2 spell: Slow
  7528 | D:6      | Reached skill level 1 in Fire Magic
  7534 | D:6      | Reached * piety under Sif Muna
  7622 | D:6      | Reached skill level 5 in Spellcasting
  7622 | D:6      | Reached skill level 1 in Hexes
  8234 | D:6      | Reached XP level 9. HP: 57/57 MP: 3/16
  8377 | D:6      | Reached skill level 1 in Staves
  8451 | D:6      | Reached skill level 1 in Invocations
  8519 | D:6      | Reached ** piety under Sif Muna
  8561 | D:6      | Got a scorched dagger
  8789 | D:6      | Identified the +7 dagger of the Shark {pierce, rElec Str+7} (You found it on level 6 of the Dungeon)
  8870 | D:6      | Found a shadowy altar of Dithmenos.
 10145 | D:7      | Reached skill level 1 in Slings
 10369 | D:7      | Reached skill level 1 in Short Blades
 10710 | D:7      | Reached XP level 10. HP: 40/63 MP: 3/18
 11920 | D:8      | Found a snail-covered altar of Cheibriados.
 12845 | D:8      | Found a staircase to the Lair.
 12856 | D:8      | Reached *** piety under Sif Muna
 13434 | Lair:1   | Entered Level 1 of the Lair of Beasts
 13434 | Lair:1   | Noticed a spiny frog
 13520 | D:8      | Killed a spiny frog
 13974 | Lair:1   | Found a frozen archway.
 13994 | IceCv    | Entered an ice cave
 14110 | IceCv    | Noticed an ice statue
 14110 | IceCv    | Noticed an ice statue
 14304 | Lair:1   | Noticed ilikecats's ghost (journeyman HECj)
 14838 | D:9      | Found Foasy's Distillery.
 14864 | D:9      | Bought a potion of mutation for 27 gold pieces
 14864 | D:9      | Bought a potion of lignification for 33 gold pieces
 14864 | D:9      | Bought a potion of degeneration for 11 gold pieces
 14912 | D:9      | Reached XP level 11. HP: 68/68 MP: 7/19
 15201 | D:9      | Slain by a yak

Vault maps used:
D:1:      nicolae_arrival_somewhat_less_tricky_arrival
D:2:      st_stairs_10
D:4:      trog_eyes_of_draining, kennysheep_potato, uniq_natasha
D:5:      temple_statues, first_bread, fedhas_altar_4, uniq_duvessa
D:6:      lemuel_doored_altar, hangedman_minor_gate_pass
D:7:      the_bakery
D:8:      erik_lair_orcish_takeover, special_room, cheibrodos_worm_habitat
D:9:      serial_shops, shop
Temple:   grunt_circular_temple_18
Lair:1:   portal_ice_cave_entry_pillars_03, grunt_megastairs_4,
          serial_bayou_shore_a, uniq_fannar, uniq_gastronok
IceCv:    ice_cave_small_demon

Skill      XL: |  1  2  3  4  5  6  7  8  9 10 11 |
---------------+----------------------------------+-----
Throwing       | 1 2 3 4 |  4.6
Summonings     | 2 3 4 |  4.0
Air Magic      | 1 2 3 4 |  4.8
Poison Magic   | 1 2 3 4 |  4.2
Spellcasting   | 4 5 |  5.8
Translocations | 2 3 4 |  4.8
Dodging        | 3 |  3.8
Conjurations   | 2 3 |  3.0
Fire Magic     | 2 3 |  3.9
Hexes          | 1 2 3 |  3.8
Stealth        | 3 4 |  4.8
Staves         | 2 3 |  3.4
Invocations    | 2 3 |  3.7
Slings         | 1 2 |  2.4
Short Blades   | 1 2 |  2.6
Fighting       | |  0.2
Unarmed Combat | |  0.2

Action                   |  1- 3 |  4- 6 |  7- 9 | 10-12 || total
-------------------------+-------+-------+-------+-------++-------
Melee: Unarmed           |     9 |       |       |       ||     9
       Dagger            |    17 |    26 |    63 |    88 ||   194
       Staff             |       |       |    15 |     1 ||    16
       Mace              |       |       |     1 |       ||     1
 Fire: Hunting sling     |       |    13 |    66 |   119 ||   198
       Shortbow          |       |       |       |    23 ||    23
Throw: Tomahawk          |       |     4 |    55 |    63 ||   122
       Javelin           |       |     2 |    26 |    14 ||    42
 Cast: Magic Dart        |    78 |    40 |   162 |   136 ||   416
       Repel Missiles    |     2 |       |       |     4 ||     6
       Call Imp          |     6 |    39 |    94 |    60 ||   199
       Mephitic Cloud    |       |     1 |    27 |    38 ||    66
       Blink             |       |       |    13 |     8 ||    21
       Conjure Flame     |       |       |    26 |    29 ||    55
Invok: Channel Energy    |       |       |    38 |    15 ||    53
Evoke: Wand              |       |     1 |     4 |     2 ||     7
  Use: Scroll            |       |     5 |     6 |    11 ||    22
       Potion            |       |       |     5 |     2 ||     7
 Stab: Sleeping          |     3 |     5 |     3 |     2 ||    13
       Distracted        |       |     1 |     1 |       ||     2
  Eat: Chunk             |     2 |     6 |     7 |    12 ||    27
       Bread ration      |     1 |       |     2 |     1 ||     4
       Beef jerky        |       |     1 |     1 |       ||     2
       Meat ration       |       |       |     2 |       ||     2
       Fruit             |       |       |       |     3 ||     3
Armor: Robe              |    17 |    10 |    75 |    64 ||   166
Dodge: Dodged            |    35 |    41 |   143 |   124 ||   343
       Deflected         |     1 |     2 |     2 |     4 ||     9
